 BcadrenCrawl: Boulder Brew version 0.06.7.3-23-g1ca577db0e (webtiles) character file.

Game seed: 6235279015729651801

614 MackTheKnife the Skirmisher (level 7, 33/89 HPs) Cyan Draconian Demonspawn. Began on May 24, 2023. Quit the game on level 2 of the Dungeon on Nov 16, 2023. The game lasted 00:05:31 (1943 turns).

MackTheKnife the Skirmisher (DrDs)                  Turns: 1943, Time: 00:05:31

Health: 33/89      AC: 14    Str: 17    XL:     7 ^: 548
Magic:  9/9        EV: 12    Int: 12    God:
Gold:   89         SH:  0    Dex: 12    Spells: 7/8 levels left

rFire    . . .     Slash    +     - Unarmed
rCold    + . .     Pierce   x     - Unarmed
rNeg     . . .     Bludgeon .   (armour unavailable)
rCorr    . . .     Vision   .   (helmet restricted)
rPois    .         Spirit   +   (no cloak)
rElec    .                      (no gloves)
MR       .....                  (boots unavailable)
HPRegen  0.39/turn              (no amulet)
MPRegen  0.38/turn              c - ring of wizardry
Stlth    +.........             g - ring of protection

@: mildly poisoned (33 -> 33), very slow
A: hooves, icy blue scales, deformed body 2, magic shield, magic regeneration,
cold-blooded, translocations enhancer 1, rCloud, rAir, draconic flesh, AC +7
a: Breathe Blast of Wind


You were on level 2 of the Dungeon.
You were very hungry.

You visited 1 branch of the dungeon, and saw 2 of its levels.

You collected 89 gold pieces.

Inventory:

Jewellery
 c - a ring of wizardry (left hand)
 d - an uncursed ring of positive energy
 g - a ring of protection (right hand)
 j - an uncursed ring of resist corrosion
Scrolls
 a - a scroll of enchantment
Potions
 e - 2 potions of curing
 f - a potion of ambrosia
 h - a potion of magic
Comestibles
 b - 5 rations


   Skills:
 * Level 5.8 Fighting
 - Level 2.4 Dodging
 - Level 1.3 Stealth
 + Level 5.0 Unarmed Combat
 - Level 1.3 Spellcasting
 - Level 1.5 Fire Magic
 - Level 3.0 Invocations


You had 7 spell levels left.
You knew the following spells:

 Your Spells              Type           Power        Failure   Level  Hunger
a - Flame Tongue          Fire           4 (30)       6%          1    24-44

Your spell library contained the following spells:

 Spells                   Type           Power        Failure   Level  Hunger
 Slow Hex 0 (100) 12% 1 24-44 Blink Tloc N/A 17% 2 64-104 Call Imp Summ 0 (100) 17% 2 64-104 Conjure Flame Fire 4 (100) 19% 3 104-164 Mephitic Cloud Pois/Air 0 (100) 32% 3 104-164 Portal Projectile Chrm/Tloc 1 (50) 32% 3 104-164 Muse Oam's Air Blast Tloc/Air 1 (100) 71% 4 184-284 Gell's Gravitation Chrm/Tloc 1 (100) 95% 5 304-464 Dispersal Tloc 1 (200) 100% 6 424-644 Controlled Blink Tloc 1 (100) 100% 7 544-824 Disjunction Tloc 1 (200) 100% 8 664-1004 Unstable Fiery Dash Fire/Tloc      4 (200)      100%        8    664-1004


Dungeon Overview and Level Annotations

Branches:
Dungeon (2/8)

Altars:


Innate Abilities, Weirdness & Mutations

Your empereal azure scales are resilient. (AC +7)
You can breathe strong gales of wind.
You have hooves in place of feet.
You are covered in icy blue scales. (rC+, AC +2)
You cannot wear any armour on your peculiar form.
When hurt, damage is shared between your health and your magic reserves.
You regenerate magic rapidly.
You are cold-blooded and are slowed more easily by cold attacks.
You are in touch with the powers of translocation.
Your empereal azure scales grant you immunity to the effects of clouds and air. (rCloud, rAir)
Your scales resist being cut, but it's oddly easy to stick a small blade between them. (rSlashing+, rPiercing-)


Message History

You hit the sewer rat (2).
It is struck brutally!
You hit the sewer rat but do no damage.
Your tail-slap misses the sewer rat.
The sewer rat is moderately wounded. (8/12) HP You feel sick. (1)
The sewer rat bites you but does no damage.
The sewer rat bites you (3).
You are perforated ruthlessly!
The sewer rat bites you but does no damage. x2
You hit the sewer rat (4).
It is struck brutally!
You hit the sewer rat (5).
It is struck brutally!
You kill the sewer rat!
Your surroundings suddenly seem different.
Splash!
Found a +0 short sword and a +0 dagger.
Unknown command.
You feel sick. (1)
You feel sick. (1)
A kobold is nearby!
Welcome back, MackTheKnife the Cyan Draconian Demonspawn.
Press ? for a list of commands and other information.
Are you sure you want to abandon this character and quit the game? (Confirm with "yes".)

.########.≈≈≈≈≈≈≈#
..# ##.#≈≈≈≈≈≈≈≈#
..# #;≈≈≈K≈≈≈≈≈≈#
..# ##.#≈P≈≈≈≈≈≈#
###≈≈≈≈≈≈≈≈#
#≈≈≈≈≈≈≈≈#
#≈≈≈≈≈≈≈≈#
#.≈≈≈≈≈≈≈#
...≈≈≈≈≈@#
#.≈≈≈≈≈≈.#
#.≈≈)≈≈.≈#
#.≈≈≈≈≈≈.#
#≈≈≈≈≈≈≈)#
≈≈≈≈≈≈≈≈≈#
≈≈≈≈≈≈≈≈#
≈≈≈≈≈≈≈≈#


You could see a kobold.

Vanquished Creatures
  A water moccasin (D:2)
  2 big kobolds (D:2)
  2 giant cockroaches
  An adder (D:2)
  35 sewer rats (D:2)
  6 cinder newts
  An ooze (D:2)
  2 dart slugs (D:1)
  3 leopard geckos
  An adder skeleton (D:2)
  2 ball pythons (D:2)
  3 goblins (D:1)
  4 hobgoblins (D:1)
  A ball python skeleton (D:2)
  3 bats (D:1)
  7 kobolds
  An orc skeleton (D:2)
  3 rats (D:1)
78 creatures vanquished.

Vanquished Creatures (others)
  2 giant cockroaches (D:2)
  2 sewer rats (D:2)
  2 leopard geckos (D:2)
  2 bats (D:2)
  5 kobolds (D:2)
  7 giant blowflies (D:2)
  3 slimeheads (D:2)
  127 withered plants (D:2)
150 creatures vanquished.

Grand Total: 228 creatures vanquished

Notes
Turn   | Place    | Note
-------+----------+-------------------------------------------
     0 | D:1      | MackTheKnife the Immature Draconian Demonspawn began the
                  | quest for the Orb.
     0 | D:1      | Reached XP level 1. HP: 29/29 MP: 3/3
    47 | D:1      | Gained mutation: You have hooves in place of feet. [demonic
                  | ancestry]
    47 | D:1      | Reached XP level 2. HP: 39/39 MP: 4/4
   562 | D:1      | Reached XP level 3. HP: 45/49 MP: 5/5
  1119 | D:2      | Reached XP level 4. HP: 59/59 MP: 6/6
  1303 | D:2      | Gained mutation: When hurt, damage is shared between your
                  | health and your magic reserves. [demonic ancestry]
  1303 | D:2      | Reached XP level 5. HP: 62/69 MP: 7/7
  1558 | D:2      | Gained mutation: You are covered in icy blue scales. (rC+,
                  | AC +2) [demonic ancestry]
  1558 | D:2      | Reached XP level 6. HP: 68/79 MP: 8/8
  1795 | D:2      | Reached skill level 5 in Fighting
  1916 | D:2      | Your scales start taking on an empereal azure colour.
  1916 | D:2      | Reached XP level 7. HP: 76/89 MP: 7/9
  1916 | D:2      | Gained mutation: You regenerate magic rapidly. [demonic
                  | ancestry]
  1916 | D:2      | Gained mutation: Your empereal azure scales grant you
                  | immunity to the effects of clouds and air. (rCloud, rAir)
                  | [Cyan Draconian growth]
  1916 | D:2      | Gained mutation: You are in touch with the powers of
                  | translocation. [Cyan Draconian growth]
  1926 | D:2      | Reached skill level 5 in Unarmed Combat
  1943 | D:2      | Upgraded the game from 0.06.5-252-g3b0bab90d1 to
                  | 0.06.7.3-23-g1ca577db0e
  1943 | D:2      | Quit the game

Illustrated notes

Levels and vault maps discovered:
D:1:      eino_arrival_water_cross, layout_basic, minmay_tall_x
D:2:      layout_sewer, sewer_frog_spiral

Skill      XL: |  1  2  3  4  5  6  7 |
---------------+----------------------+-----
Unarmed Combat | 2 3 4 5 |  5.0
Fighting       | 2 3 5 |  5.8
Dodging        | |  2.4
Stealth        | |  1.3
Spellcasting   | |  1.3
Fire Magic     | |  1.5
Invocations    | |  3.0

Action                   |  1- 3 |  4- 6 |  7- 9 || total
-------------------------+-------+-------+-------++-------
Melee: Unarmed           |    74 |   382 |    34 ||   490
       Peck              |     5 |    17 |     4 ||    26
       Kick              |    12 |    60 |     5 ||    77
  Use: Scroll            |       |       |     1 ||     1
  Eat: Chunk             |       |     3 |       ||     3
Armor: Skin              |     8 |    63 |    18 ||    89
Dodge: Dodged            |     7 |    45 |     8 ||    60
